Map: Traitor's Exile

Players

PureLegacy - Winner!

  • Race: Terran Terran
  • Spawn Location: 9:00

ADOIFHlTLER - Winner!

  • Race: Terran Terran
  • League: Master
  • Spawn Location: 12:00

Ananyzapata

  • Race: Terran Terran
  • Spawn Location: 6:00

June

  • Race: Terran Terran
  • League: Master
  • Spawn Location: 5:00

VOD

Have the link to the VOD?

Description

Time

  • Played on: Nov. 22, 2018, 9:31 a.m.
  • Length: 5:46
Show
View Real Time Build Order
Export as new Build Order

PureLegacy Terran - Winner!

Build Orders:  

Get SALT Encoding   

  12  0:02  SCV  
  13  0:14  SCV  
  13  0:18  Supply Depot  
  14  0:26  SCV  
  15  0:31  Refinery  
  15  0:40  SCV  
  16  0:48  Barracks  
  16  0:52  SCV  
  17  1:06  Barracks  
  17  1:17  Barracks  
  17  1:22  SCV  
  18  1:35  Reaper  
  19  1:42  Orbital Command  
  19  1:50  Refinery  
  19  1:55  Reaper  
  20  2:03  Supply Depot  
  20  2:05  Reaper  
  21  2:09  Reaper  
  21  2:13  SCV  
  23  2:25  Supply Depot  
  23  2:27  Reaper  
  23  2:29  SCV  
  25  2:37  Reaper  
  25  2:41  SCV  
  25  2:44  Reaper  
  28  2:59  Reaper  
  29  3:09  Reaper  
  30  3:16  Reaper, Command Center  
  31  3:31  Reaper  
  31  3:33  SCV  
  30  4:04  SCV  
  30  4:07  Supply Depot  
  30  4:08  Barracks  
  30  4:09  Barracks  
  33  4:16  SCV  
  34  4:21  Barracks Reactor  
  34  4:22  Barracks Tech Lab  
  31  4:28  Factory, SCV  
  31  4:29  Barracks Reactor  
  32  4:32  Orbital Command  
  32  4:40  SCV  
  30  4:57  Marine x2  
  30  4:58  Marine x3  
  35  5:07  Marine x2  
  31  5:08  SCV  
  31  5:09  SCV  
  31  5:13  Starport  
  31  5:14  Factory Reactor  
  35  5:15  Marine x2  
  35  5:20  SCV  
  35  5:21  SCV  
  39  5:25  Marine x5  
  44  5:34  SCV  
  46  5:42  Engineering Bay  
  46  5:44  Engineering Bay  
Show
View Real Time Build Order
Export as new Build Order

ADOIFHlTLER Terran - Winner!

Build Orders:  

Get SALT Encoding   

  12  0:01  SCV  
  13  0:13  SCV  
  14  0:18  Supply Depot  
  14  0:25  SCV  
  15  0:29  Refinery  
  15  0:40  SCV  
  16  0:45  Barracks  
  16  0:52  SCV  
  16  0:56  Refinery  
  17  1:04  SCV  
  18  1:16  SCV  
  19  1:33  Reaper, Orbital Command  
  19  1:39  Factory  
  20  1:45  Supply Depot  
  20  2:00  SCV  
  21  2:05  Reaper  
  22  2:12  SCV  
  23  2:22  Hellion  
  25  2:25  SCV  
  25  2:29  Command Center  
  26  2:37  Barracks Tech Lab  
  26  2:39  SCV  
  27  2:47  Supply Depot  
  27  2:51  Bunker  
  27  3:04  Siege Tank  
  30  3:13  SCV  
  30  3:17  Starport  
  31  3:21  Barracks Reactor  
  31  3:25  SCV  
  32  3:37  SCV  
  31  3:44  Orbital Command  
  31  3:46  Siege Tank  
  34  3:49  SCV  
  34  3:52  Refinery  
  35  4:01  SCV  
  36  4:04  Viking  
  38  4:11  SCV  
  38  4:13  Viking, SCV  
  42  4:17  Supply Depot  
  42  4:23  SCV  
  43  4:26  SCV  
  43  4:29  Siege Tank  
  47  4:35  SCV  
  47  4:36  Supply Depot  
  47  4:38  SCV  
  49  4:44  Viking  
  51  4:47  SCV  
  51  4:48  Viking  
  51  4:50  SCV  
  55  4:59  Supply Depot, SCV  
  56  5:02  SCV, Siege Tank  
  60  5:12  SCV  
  60  5:14  Viking, SCV  
  66  5:26  SCV  
  67  5:30  Command Center  
  67  5:33  Barracks Reactor  
  67  5:34  SCV  
  68  5:41  Factory  
  69  5:43  Supply Depot  
Show
View Real Time Build Order
Export as new Build Order

Ananyzapata Terran 

Build Orders:  

Get SALT Encoding   

  12  0:00  SCV  
  13  0:12  SCV  
  14  0:20  Supply Depot  
  14  0:24  SCV  
  15  0:32  Refinery  
  15  0:42  SCV  
  16  0:45  Barracks  
  16  0:54  SCV  
  17  1:05  Barracks  
  17  1:06  SCV  
  18  1:16  Refinery  
  18  1:18  SCV  
  19  1:32  Barracks Tech Lab  
  20  1:34  Orbital Command  
  19  1:43  Supply Depot  
  19  1:53  Marauder  
  21  1:58  Barracks Tech Lab  
  21  2:02  SCV  
  21  2:07  Concussive Shells  
  24  2:15  Marauder  
  26  2:22  Marauder  
  26  2:25  SCV  
  27  2:37  SCV  
  27  2:43  Marauder  
  30  2:45  Supply Depot  
  30  2:49  SCV  
  31  2:56  Supply Depot  
  31  3:01  Stimpack  
  31  3:07  Marauder  
  33  3:18  Marauder  
  35  3:29  Marauder  
  37  3:40  Marauder  
  23  4:04  Marauder x2  
  23  4:06  SCV  
  28  4:18  SCV  
  29  4:25  Marauder  
  32  4:35  Command Center  
  31  5:01  Marauder x2  
  35  5:13  SCV  
  36  5:15  Factory  
  36  5:22  Marauder  
  36  5:25  SCV  
Show
View Real Time Build Order
Export as new Build Order

June Terran 

Build Orders:  

Get SALT Encoding   

  12  0:00  SCV  
  13  0:13  SCV  
  14  0:18  Supply Depot  
  14  0:25  SCV  
  15  0:29  Refinery  
  15  0:39  SCV  
  16  0:45  Barracks  
  16  0:51  SCV  
  16  0:56  Refinery  
  17  1:04  SCV  
  18  1:16  SCV  
  19  1:32  Reaper, Orbital Command  
  20  1:36  Factory  
  20  1:45  Supply Depot  
  20  1:57  SCV  
  21  2:04  Reaper  
  22  2:09  SCV  
  23  2:19  Hellion  
  23  2:21  SCV  
  26  2:33  SCV  
  27  2:41  Barracks Reactor  
  27  2:42  Factory Tech Lab  
  27  2:45  SCV  
  27  2:47  Command Center  
  28  2:58  SCV  
  28  3:12  Cyclone  
  22  3:19  Marine x2  
  15  3:37  Marine x2  
  17  3:41  SCV  
  17  3:53  SCV  
  18  3:59  Cyclone  
  21  4:08  SCV  
  22  4:10  Marine  
  22  4:11  Marine  
  24  4:22  Orbital Command  
  24  4:23  SCV  
  25  4:29  Marine  
  25  4:30  Marine  
  27  4:35  SCV  
  21  4:51  SCV x2  
  14  5:09  SCV  
  15  5:18  SCV  
  16  5:22  SCV  
  14  5:30  SCV  
Tags
 
Add a new tag
Caveats
  • Supply blocks, unpowered buildings, or Contaminate may cause inaccurate times.
  • Supply counts are checked every 10 seconds.